 Dungeon Crawl Stone Soup version 0.28-a0-589-g333b8329f1 (webtiles) character file.

Game seed: 7040673791547595148

2524 Irenicus the Geomancer (level 9, -12/68 HPs)
             Began as a Deep Dwarf Hedge Wizard on Oct 3, 2021.
             Was a Follower of Makhleb.
             Killed by an exploding kobold (24 damage)
             ... ignited by their inner flame
             ... on level 7 of the Dungeon.
             The game lasted 00:52:52 (4027 turns).

Irenicus the Geomancer (Deep Dwarf Hedge Wizard)    Turns: 4027, Time: 00:52:54

Health: -12/68     AC:  9    Str: 14    XL:     9   Next: 29%
Magic:  6/13       EV: 11    Int: 18    God:    Makhleb [*.....]
Gold:   215        SH:  0    Dex: 12    Spells: 12/18 levels left

rFire   . . .      SeeInvis +   l - +3 whip (venom)
rCold   + + +      Faith    .   (no shield)
rNeg    . . .      Spirit   .   i - +1 leather armour {rC+}
rPois   .          Reflect  .   s - +2 helmet
rElec   .          Harm     .   c - +0 cloak of the Abyss {rC++}
rCorr   .          Rampage  .   (no gloves)
Will    +....                   h - +0 pair of boots
Stlth   ++........              (no amulet)
HPRegen 0.00/turn               v - ring of see invisible
MPRegen 0.13/turn               (no ring)

@: lethally poisoned (-12 -> -12), very slightly contaminated, slowed, very slow
A: damage resistance, heal wounds, sense surroundings 2, no regeneration
a: Heal Wounds, Renounce Religion


You were on level 7 of the Dungeon.
You worshipped Makhleb.
Makhleb was aware of your devotion.
You visited 1 branch of the dungeon, and saw 7 of its levels.

You collected 257 gold pieces.
You spent 42 gold pieces at shops.


Innate Abilities, Weirdness & Mutations

You are resistant to damage.
You can heal yourself by infusing magical energy.
You passively map the area around you.
You do not regenerate.


   Skills:
 - Level 2.1 Dodging
 - Level 3.1 Stealth
 - Level 5.2 Spellcasting
 - Level 7.1 Conjurations
 - Level 0.8 Summonings
 + Level 1.1 Translocations
 - Level 10.5 Earth Magic


You had 12 spell levels left.
You knew the following spells:

 Your Spells              Type           Power      Damage    Failure   Level
a - Magic Dart            Conj           100%       1d8       1%          1
z - Sandblast             Erth           84%        2d18      1%          1
X - Iskenderun's Mystic   Conj/Tloc      19%        2d6       30%         4

Your spell library contained the following spells:

 Spells                   Type           Power      Damage    Failure   Level
 Conjure Flame            Conj/Fire      17%        6-21      12%         3
 Blink                    Tloc           N/A        N/A       16%         2
 Call Imp                 Summ           7%         N/A       17%         2
 Mephitic Cloud           Conj/Pois/Air  13%        N/A       19%         3
 Slow                     Hex            4%         N/A       26%         2
 Freezing Cloud           Conj/Ice/Air   6%         6-21      86%         5
 Storm Form               Tmut/Air       2%         N/A       100%        7

Inventory:

Hand Weapons
 l - a +3 whip of venom (weapon)
Missiles
 n - 6 javelins (quivered)
Armour
 c - the +0 cloak of the Abyss (worn) {rC++}
   (You found it on level 4 of the Dungeon)

   rC:        It greatly protects you from cold.
 h - a +0 pair of boots (worn)
 i - a +1 leather armour of cold resistance (worn)
 s - a +2 helmet (worn)
Magical Staves
 d - a staff of death {!a}
Jewellery
 v - a ring of see invisible (left hand)
Wands
 p - a wand of flame (15)
Scrolls
 a - a scroll of noise {unknown}
 b - a scroll of amnesia {unknown}
 f - 3 scrolls of magic mapping
 g - a scroll of enchant armour {unknown}
 j - a scroll of fog {unknown}
 q - a scroll of immolation
Potions
 e - 3 potions of attraction
 m - 2 potions of haste {unknown}
 o - 2 potions of flight

Dungeon Overview and Level Annotations

Branches:
Dungeon (7/15)             Temple (0/1) D:5

Altars:
Fedhas
Gozag
Hepliaklqana
Makhleb
Sif Muna
Uskayaw
Wu Jian

Shops:
D:2 ?(=*:

Annotations:
D:7 2 runed translucent doors, Dowan; Duvessa; NigelTetley's ghost, novice DECj

# #.<# ,, # #.## * ,
....e# # ##.#
,.....## # ##..##
,...§..# # #####....#
....!# ###........##
.....# ............#
* .....#
##..........##
###§e.#
#...........###@§K.#
##...........#..§§§##
#............>..§§##
##................#
##..............##
#.............##
##............#
##....####...###
###.## ###...######


You could see Duvessa (inner flame) and a kobold brigand (inner flame).


Message History

You feel yourself slow down.
Press: ? - help, v - describe, . - travel
Here: a kobold brigand, wielding a +0 dagger and quivering curare-tipped darts (inner flame)
The floor.
Unknown command.
Casting: Iskenderun's Mystic Blast (dangerous; 30% risk of failure)
Confirm with . or Enter, or press ? or * to list all spells.
You miscast Iskenderun's Mystic Blast.
You are very lightly contaminated with residual magic.
Strange energies run through your body!
* * * LOW HITPOINT WARNING * * *
The kobold hits you but does no damage.
Okay, then.
Use which ability? (? or * to list)
Your magical essence is drained by the effort!
You feel much better. The kobold hits you but does no damage.
You are more poisoned.
You hit the kobold. Makhleb accepts your kill.
The kobold explodes!
The fiery explosion engulfs you!!
* * * LOW HITPOINT WARNING * * *
The fiery explosion engulfs the kobold brigand!!
Flame seeps out of the kobold brigand.
The kobold brigand is severely wounded.
The fiery explosion engulfs the kobold!!
Makhleb accepts your kill.
The kobold explodes!
The fiery explosion engulfs you!!
You die...

Skill      XL: |  1  2  3  4  5  6  7  8  9 |
---------------+----------------------------+-----
Conjurations   | 1 2 4 6 7 |  7.1
Earth Magic    | 3 4 6 10 | 10.5
Stealth        | 3 |  3.1
Spellcasting   | 3 5 |  5.2
Dodging        | |  2.1
Summonings     | |  0.8
Translocations | |  1.1

Action                   |  1- 3 |  4- 6 |  7- 9 || total
-------------------------+-------+-------+-------++-------
Melee: Dagger            |    59 |       |       ||    59
       Whip              |    13 |    86 |    81 ||   180
 Cast: Magic Dart        |    61 |    47 |    83 ||   191
       Sandblast         |    23 |    34 |    32 ||    89
       Iskenderun's Myst |       |       |     1 ||     1
 Abil: Heal Wounds       |     2 |     2 |     5 ||     9
  Use: Potion            |     1 |     4 |     3 ||     8
       Scroll            |       |     9 |     3 ||    12
 Stab: Sleeping          |     2 |     2 |       ||     4
       Distracted        |       |     1 |       ||     1
Armor: Robe              |    23 |       |       ||    23
       Leather armour    |     3 |    61 |    87 ||   151
       Skin              |       |       |    43 ||    43
Dodge: Dodged            |    79 |    99 |   107 ||   285

Levels and vault maps discovered:
D:1:      giann_forest_graveyard, layout_loops_ring, serial_shops,
          nicolae_shop_waterfront
D:2:      layout_loops_cross, serial_shops, nicolae_lakefront_shop,
          nicolae_diamond_shop, shop, nicolae_square_shop, shop,
          shapermc_ecumenical_altar_rom_forum, basic_altar
D:3:      layout_loops_ring, mainiacjoe_overflow_alcove_1,
          kennysheep_orc_sif_temple
D:4:      layout_basic, gammafunk_temple_overflow_elements, grunt_ministairs_12,
          uniq_robin
D:5:      layout_rooms, lemuel_round_altar, minmay_temple_entry_proselytizer,
          dk_noncrumbling_4
D:6:      layout_cave_pools, mainiacjoe_overflow_cross_hatched, uniq_eustachio
D:7:      layout_cave_pods, ebering_ghost_disaster_area, uniq_duvessa,
          uniq_pikel

Notes
Turn   | Place    | Note
-------+----------+-------------------------------------------
     0 | D:1      | Irenicus the Deep Dwarf Hedge Wizard began the quest for
                  | the Orb.
     0 | D:1      | Reached XP level 1. HP: 15/15 MP: 4/4
   108 | D:1      | Reached skill level 1 in Conjurations
   163 | D:1      | Reached XP level 2. HP: 7/22 MP: 0/5
   174 | D:1      | Reached skill level 2 in Conjurations
   476 | D:2      | Found an ornate altar of the Wu Jian Council.
   563 | D:2      | Found Belescheph's Magic Scroll Boutique.
   583 | D:2      | Found a faded altar of an unknown god.
   590 | D:2      | Got Plato's Tome of the Mountains
   593 | D:2      | Learned a level 1 spell: Sandblast
   666 | D:2      | Reached XP level 3. HP: 27/28 MP: 1/7
   706 | D:2      | Found Ucvalyf's Antique Weapon Shop.
   751 | D:2      | Found Sitoem's Jewellery Emporium.
   796 | D:2      | Reached skill level 1 in Earth Magic
   864 | D:2      | Found Sossu's Book Shop.
   873 | D:2      | Reached skill level 3 in Stealth
   927 | D:2      | Found Nuahim's General Store.
   960 | D:2      | Bought a +0 leather armour for 20 gold pieces
   960 | D:2      | Bought 22 stones for 22 gold pieces
  1005 | D:3      | Reached skill level 2 in Earth Magic
  1212 | D:3      | Found a shimmering blue altar of Sif Muna.
  1221 | D:3      | Reached skill level 3 in Earth Magic
  1221 | D:3      | Reached XP level 4. HP: 10/36 MP: 2/8
  1303 | D:3      | Found a hazy altar of Hepliaklqana.
  1706 | D:4      | Reached skill level 4 in Earth Magic
  1821 | D:4      | Found a hide-covered altar of Uskayaw.
  1821 | D:4      | Found an opulent altar of Gozag.
  2035 | D:4      | Noticed Robin
  2040 | D:4      | Killed Robin
  2041 | D:4      | Reached XP level 5. HP: 37/42 MP: 3/8
  2113 | D:4      | Identified the +0 cloak of the Abyss {rC++}
  2129 | D:4      | Reached skill level 5 in Earth Magic
  2243 | D:5      | Entered Level 5 of the Dungeon
  2297 | D:5      | Found a burning altar of Makhleb.
  2305 | D:5      | Became a worshipper of Makhleb the Destroyer
  2342 | D:5      | Reached skill level 3 in Spellcasting
  2355 | D:5      | Noticed an ice beast
  2395 | D:5      | Killed an ice beast
  2396 | D:5      | Reached skill level 6 in Earth Magic
  2396 | D:5      | Reached XP level 6. HP: 18/49 MP: 0/10
  2481 | D:5      | Found a staircase to the Ecumenical Temple.
  2485 | D:5      | Reached skill level 3 in Conjurations
  2594 | D:5      | Reached skill level 4 in Conjurations
  2594 | D:5      | Reached XP level 7. HP: 27/55 MP: 8/11
  2683 | D:6      | Found a blossoming altar of Fedhas.
  2699 | D:6      | Reached skill level 5 in Conjurations
  2817 | D:6      | Noticed Eustachio
  2874 | D:6      | Killed Eustachio
  2875 | D:6      | Reached skill level 6 in Conjurations
  2885 | D:6      | Reached XP level 8. HP: 14/62 MP: 2/11
  3073 | D:6      | Got Fol Afoz's Volume of Arcane Weapons and Air
  3107 | D:5      | Reached skill level 7 in Conjurations
  3155 | D:6      | HP: 3/62 [yak (4)]
  3164 | D:6      | Reached skill level 7 in Earth Magic
  3173 | D:6      | Reached skill level 8 in Earth Magic
  3262 | D:6      | Reached * piety under Makhleb
  3263 | D:6      | Reached skill level 9 in Earth Magic
  3415 | D:7      | Noticed Duvessa
  3432 | D:7      | Found a large runed translucent door.
  3432 | D:7      | Found a large runed translucent door.
  3437 | D:7      | Reached skill level 10 in Earth Magic
  3447 | D:7      | Noticed NigelTetley's ghost (novice DECj)
  3565 | D:7      | Gained mutation: You passively map the area around you.
                  | [Deep Dwarf growth]
  3565 | D:7      | Reached XP level 9. HP: 11/68 MP: 5/12
  3605 | D:7      | Noticed Pikel
  3689 | D:7      | Killed Pikel
  3690 | D:7      | Reached skill level 5 in Spellcasting
  3819 | D:7      | Learned a level 4 spell: Iskenderun's Mystic Blast
  4021 | D:7      | Noticed Dowan
  4025 | D:7      | HP: 1/68 [something (11)]
  4027 | D:7      | Killed by an exploding kobold... ignited by their inner
                  | flame

Vanquished Creatures
  Pikel (D:7)
  3 yaks (D:6)
  Eustachio (D:6)
  3 water moccasins
  2 ice beasts
  An ogre (D:5)
  A centaur (D:5)
  A bullfrog (D:7)
  A wyvern zombie (D:5)
  3 water moccasin skeletons
  A bullfrog zombie (D:6)
  A hound (D:5)
  An orc priest (D:5)
  2 centaur skeletons
  A jelly (D:5)
  5 iguanas
  2 orc wizards
  2 killer bee zombies
  Robin (D:4)
  2 howler monkey skeletons
  3 adders
  A white imp (D:6)
  2 ufetubi (D:5)
  An adder zombie (D:5)
  A worm (D:2)
  2 adder skeletons (D:4)
  4 dart slugs
  4 orcs
  2 bats (D:1)
  5 endoplasms
  3 giant cockroaches
  14 goblins
  8 hobgoblins
  6 jackals
  7 ball pythons
  3 frilled lizards
  8 kobolds
  2 rats (D:3)
111 creatures vanquished.

Table legend: (Time is in decaauts)
 A = Elapsed time spent in this place.
 B = Non-inter-level travel time spent in this place.
 C = Inter-level travel time spent in this place.
 D = Time resting spent in this place.
 E = Time spent auto-exploring this place.
 F = Levels seen in this place.
 G = Mean time per level.
                   A        B        C        D        E       F      G
               +--------+--------+--------+--------+--------+-----+--------+
         Total |   4079 |   3856 |    223 |     23 |      0 |   7 |  582.7 |
       Dungeon |   4079 |   3856 |    223 |     23 |      0 |   7 |  582.7 |
               +--------+--------+--------+--------+--------+-----+--------+

Top non-repeatable levels by time:
     D:3: 746 daAuts
     D:7: 703 daAuts
     D:5: 565 daAuts
     D:6: 552 daAuts
     D:2: 548 daAuts
     D:4: 514 daAuts
     D:1: 448 daAuts

Table legend:
 A = Non-vault XP
 B = Vault XP
 C = Vault XP percentage of total XP
 D = Non-vault monster count
 E = Vault monster count
 F = Vault count percentage of total count
                 A         B        C        D         E       F
            +---------+---------+-------+---------+---------+-------
      Total |    2642 |     967 |  26.8 |      98 |      13 |  11.7
            +---------+---------+-------+---------+---------+-------
        D:1 |      23 |       0 |   0.0 |      12 |       0 |   0.0
        D:2 |      45 |       0 |   0.0 |      15 |       0 |   0.0
        D:3 |      35 |      38 |  52.1 |      14 |       2 |  12.5
        D:4 |      48 |      27 |  36.0 |      16 |       8 |  33.3
        D:5 |     863 |      41 |   4.5 |      15 |       1 |   6.2
        D:6 |    1152 |     188 |  14.0 |      13 |       1 |   7.1
        D:7 |     476 |     673 |  58.6 |      13 |       1 |   7.1
            +---------+---------+-------+---------+---------+-------
